 Dungeon Crawl Stone Soup version 0.21-a0-142-gdd972a7 (webtiles) character file.

4657 drasked the Cleaver (level 10, -7/92 HPs)
             Began as a Minotaur Berserker on July 24, 2017.
             Was a High Priest of Trog.
             Mangled by an orc warrior
             ... wielding a +0 dire flail
              (24 damage)
             ... on level 8 of the Dungeon.
             The game lasted 00:14:38 (7884 turns).

drasked the Cleaver (Minotaur Berserker)            Turns: 7884, Time: 00:14:39

Health: -7/92      AC: 11    Str: 26    XL:     10   Next: 20%
Magic:  3/3        EV: 11    Int:  7    God:    Trog [*****.]
Gold:   442        SH:  0    Dex:  9    Spells: 9/9 levels left

rFire    + . .     SeeInvis .   H - +4 executioner's axe (antimagic)
rCold    . . .     Gourm    .   (shield currently unavailable)
rNeg     . . .     Faith    +   s - +2 ring mail {rF+}
rPois    .         Spirit   .   (helmet restricted)
rElec    .         Reflect  .   u - +0 cloak
rCorr    .         Harm     .   g - +0 pair of gloves
MR       +....                  (no boots)
Stlth    ..........             f - amulet of faith {Faith, !P}
HPRegen  0.25/turn              j - ring of protection from magic {MR+, !d}
MPRegen  0.08/turn              a - +3 ring of strength

@: lethally poisoned (-7 -> -12)
A: retaliatory headbutt, horns 2
a: Berserk, Trog's Hand, Brothers in Arms, Burn Spellbooks, Renounce Religion


You were on level 8 of the Dungeon.
You worshipped Trog.
Trog was extremely pleased with you.
You were not hungry.

You visited 1 branch of the dungeon, and saw 9 of its levels.

You collected 442 gold pieces.

Inventory:

Hand Weapons
 m - a +1 war axe of venom
   (You took it off an orc on level 4 of the Dungeon)
 H - a +4 antimagic executioner's axe (weapon)
   (Trog gifted it to you on level 8 of the Dungeon)
Missiles
 A - a throwing net {=f, !d}
Armour
 g - a +0 pair of gloves (worn)
   (You found it on level 1 of the Dungeon)
 s - a +2 ring mail of fire resistance (worn)
   (You found it on level 3 of the Dungeon)
 u - a +0 cloak (worn)
   (You found it on level 3 of the Dungeon)
Jewellery
 a - a +3 ring of strength (right hand)
   (You found it on level 5 of the Dungeon)
 f - an amulet of faith (around neck) {Faith, !P}
   (You found it on level 1 of the Dungeon)
 j - a ring of protection from magic (left hand) {MR+, !d}
   (You found it on level 1 of the Dungeon)
 p - a cursed amulet of inaccuracy {unknown}
   (You found it on level 6 of the Dungeon)
 t - a cursed amulet of inaccuracy {unknown}
   (You found it on level 5 of the Dungeon)
 z - a +2 ring of strength
   (You found it on level 7 of the Dungeon)
 F - a cursed amulet of inaccuracy {unknown}
   (You found it on level 8 of the Dungeon)
 G - an uncursed ring of protection from magic {MR+, !d}
   (You took it off an orc warrior on level 8 of the Dungeon)
Wands
 e - a wand of lightning (9/15)
   (You took it off Ijyb on level 4 of the Dungeon)
 x - a wand of paralysis (1/24)
   (You took it off an orc on level 7 of the Dungeon)
 D - a wand of polymorph (7/24)
   (You found it on level 8 of the Dungeon)
Scrolls
 d - 2 scrolls of enchant armour
 i - 10 scrolls of identify
 k - 2 scrolls of magic mapping {!r}
 l - 4 scrolls of teleportation
 n - 2 scrolls of remove curse
 y - 2 scrolls of recharging
 E - a scroll of noise {unknown}
Potions
 b - 3 potions of brilliance
 h - a potion of flight {unknown}
 o - 5 potions of berserk rage {!q}
 r - a potion of lignification {unknown}
 v - a potion of haste {unknown}
 w - 2 potions of might {unknown}
 C - a potion of ambrosia {unknown}
Comestibles
 c - 10 bread rations {@e1}
 q - 5 meat rations {@e2}
 B - 2 royal jellies


   Skills:
 - Level 9.7 Fighting
 * Level 12.8 Axes
 - Level 9.1 Armour
 - Level 2.1 Dodging


You had 9 spell levels left.
You didn't know any spells.

Dungeon Overview and Level Annotations

Branches:
Dungeon (9/15)             Temple (0/1) D:4            Lair (0/6) D:8
    Orc: D:9-12

Altars:
Cheibriados
Gozag
Yredelemnul


Innate Abilities, Weirdness & Mutations

You reflexively headbutt those who attack you in melee.
You have a pair of horns on your head.


Message History

You take 5 damage, and have 80/92 hp.
You slice the jelly!!
You kill the jelly!
Trog accepts your kill.
There is a staircase to the Lair here.
There is a stone staircase leading down here.
You see here a club.
Done exploring.
Done exploring.
Done exploring.
Health restored: 92 Unknown command.
Done exploring.
Done exploring.
Done exploring.
Things that are here:
a club; an orc corpse
There is a stone staircase leading down here.
You climb downwards. 3 killer bees, 3 orcs, an orc warrior and an orc priest come into view.
The killer bee buzzes angrily. x2; The orc warrior shouts!
The orc shouts! x2
The orc priest shouts!
The orc shouts!
There is a stone staircase leading up here.
A stone staircase leading up.
The killer bee moves out of view.
The orc priest invokes the aid of Beogh against you.
You easily resist.
You hit the orc warrior but do no damage.
Your headbutt misses the orc warrior. You slash the orc!
You kill the orc!
Trog accepts your kill. The killer bee barely misses you.
The orc warrior hits you with a dire flail!! 2 killer bees and a gnoll come into view.
You take 18 damage, and have 74/92 hp.
The killer bee buzzes angrily. x2; The gnoll shouts!
The killer bee stings you but does no damage.
The killer bee misses you. You furiously retaliate!
You headbutt the killer bee. The killer bee stings you. The orc hits you.
The orc warrior hits you with a dire flail!
You climb upwards.
There is a stone staircase leading down here.
You take 22 damage, and have 52/92 hp.
MASSIVE DAMAGE!!
The killer bee misses you. The killer bee barely misses you.
You furiously retaliate!
You headbutt the killer bee. The killer bee closely misses you.
The killer bee stings you but does no damage.
The orc barely misses you.
The orc warrior hits you but does no damage.
The killer bee stings you but does no damage. x2
The killer bee stings you.
You take 4 damage, and have 48/92 hp.
The killer bee stings you but does no damage.
You miss the killer bee. The killer bee barely misses you.
The killer bee stings you. x2
You are poisoned.
The killer bee poisons you!
You take 3 damage, and have 46/92 hp.
You miss the killer bee.
You feel sick. The killer bee stings you.
You are more poisoned.
The killer bee poisons you! The killer bee closely misses you.
The killer bee barely misses you.
You take 5 damage, and have 41/92 hp.
You closely miss the killer bee.
You feel sick.
The killer bee stings you but does no damage. x2
You take 1 damage, and have 40/92 hp.
You hit the killer bee.
You feel sick.
The killer bee stings you but does no damage.
The killer bee stings you. x2
You take 8 damage, and have 32/92 hp.
You barely miss the killer bee.
You feel sick. The killer bee closely misses you. You furiously retaliate!
You headbutt the killer bee, but do no damage.
The killer bee closely misses you.
The killer bee stings you but does no damage.
You take 1 damage, and have 31/92 hp.
Unknown command.
You slice the killer bee!!
You kill the killer bee!
Trog accepts your kill.
You feel sick.
The killer bee stings you but does no damage.
You take 1 damage, and have 30/92 hp.
You miss the killer bee.
You feel sick.
The killer bee stings you but does no damage.
The killer bee barely misses you.
The killer bee stings you but does no damage.
You take 1 damage, and have 29/92 hp.
You slice the killer bee!!
You kill the killer bee!
Trog accepts your kill.
You feel sick.
The orc warrior hits you with a dire flail!
* * * LOW HITPOINT WARNING * * *
You take 12 damage, and have 17/92 hp.
You completely miss the orc warrior. Your headbutt misses the orc warrior.
You feel sick.
The orc warrior hits you with a dire flail!!
You die...

#........# #........##
#.........### #
#...........########
#........##.........
###>##.###########.. #.##)#
#.... #.##.# ##...# #@##.##
####..#.# #####o##..#
#....##.#
#....o....####.......#
#.....>.....#.........
#)....................
####..#.#...##........
#.....#.###...........
#.##..#.#....#.......#
#########.###.#...##.........#


You could see an orc warrior and an orc.

Vanquished Creatures
  2 two-headed ogres (D:8)
  A hippogriff (D:7)
  Eustachio (D:4)
  A human (D:7)
  Menkaure (D:4)
  Edmund (D:4)
  A black bear (D:7)
  4 orc warriors
  2 phantoms
  2 sky beasts
  An ogre (D:7)
  3 centaurs
  2 bullfrogs (D:6)
  2 killer bees (D:8)
  5 howler monkeys
  3 crimson imps (D:7)
  2 jellies
  A quasit (D:6)
  A centaur skeleton (D:8)
  6 orc priests
  4 hounds
  9 orc wizards
  A bullfrog skeleton (D:7)
  Ijyb (D:4)
  An iguana (D:7)
  3 worker ants
  A worker ant zombie (D:8)
  9 adders
  A shadow imp (D:4)
  An ooze (D:6)
  2 adder skeletons (D:4)
  2 adder zombies
  3 worms (D:4)
  A dart slug (D:2)
  6 leopard geckos
  39 orcs
  2 giant cockroaches
  9 goblins
  7 hobgoblins
  12 jackals
  4 quokkas
  2 ball pythons
  10 bats
  12 frilled lizards
  A jackal skeleton (D:6)
  A jackal zombie (D:7)
  A quokka skeleton (D:4)
  2 rats
189 creatures vanquished.

Notes
Turn   | Place    | Note
-------+----------+-------------------------------------------
     0 | D:1      | drasked the Minotaur Berserker began the quest for the Orb.
     0 | D:1      | Reached XP level 1. HP: 19/19 MP: 0/0
   213 | D:1      | Reached XP level 2. HP: 27/27 MP: 1/1
   478 | D:1      | Reached skill level 4 in Axes
   521 | D:1      | Reached skill level 3 in Armour
  1010 | D:1      | Reached skill level 4 in Fighting
  1130 | D:2      | Reached ** piety under Trog
  1130 | D:2      | Reached XP level 3. HP: 33/33 MP: 2/2
  1928 | D:3      | Noticed a centaur
  1937 | D:3      | Killed a centaur
  1937 | D:3      | Reached skill level 5 in Axes
  1937 | D:3      | Reached XP level 4. HP: 28/41 MP: 3/3
  2108 | D:3      | Reached XP level 5. HP: 47/47 MP: 4/4
  2654 | D:4      | Noticed Edmund
  2669 | D:4      | Killed Edmund
  2669 | D:4      | Reached skill level 5 in Fighting
  2669 | D:4      | Reached skill level 6 in Axes
  2669 | D:4      | Reached skill level 4 in Armour
  2669 | D:4      | Reached XP level 6. HP: 37/56 MP: 5/5
  2855 | D:4      | Noticed Ijyb
  2862 | D:4      | Killed Ijyb
  3303 | D:4      | Reached skill level 5 in Armour
  3336 | D:4      | Reached *** piety under Trog
  3347 | D:4      | Noticed Eustachio
  3380 | D:4      | Killed Eustachio
  3380 | D:4      | Reached skill level 6 in Fighting
  3380 | D:4      | Reached skill level 7 in Axes
  3380 | D:4      | Reached XP level 7. HP: 39/63 MP: 6/6
  3572 | D:4      | Noticed Menkaure
  3589 | D:4      | HP: 15/63 [??? (12)]
  3590 | D:4      | Killed Menkaure
  3882 | D:4      | Reached skill level 8 in Axes
  4237 | D:4      | Found a staircase to the Ecumenical Temple.
  4496 | D:4      | Reached skill level 6 in Armour
  4496 | D:4      | Reached XP level 8. HP: 66/71 MP: 7/7
  4629 | D:5      | Entered Level 5 of the Dungeon
  4797 | D:5      | Reached **** piety under Trog
  5115 | D:6      | Reached skill level 9 in Axes
  5270 | D:6      | Reached skill level 7 in Fighting
  5583 | D:6      | Found a snail-covered altar of Cheibriados.
  5637 | D:6      | Reached skill level 7 in Armour
  5744 | D:6      | Reached skill level 10 in Axes
  5852 | D:6      | Found an opulent altar of Gozag.
  6229 | D:7      | Noticed a hippogriff
  6236 | D:7      | Killed a hippogriff
  6272 | D:7      | Reached skill level 8 in Fighting
  6272 | D:7      | Reached XP level 9. HP: 57/81 MP: 8/8
  6272 | D:7      | Reached ***** piety under Trog
  6439 | D:7      | Paralysed by an orc for 6 turns
  6667 | D:7      | Reached skill level 11 in Axes
  6743 | D:7      | Found a runed door.
  6962 | D:7      | Found a basalt altar of Yredelemnul.
  7009 | D:7      | Reached skill level 8 in Armour
  7082 | D:8      | Found a staircase to the Lair.
  7096 | D:8      | Noticed a two-headed ogre
  7110 | D:8      | Killed a two-headed ogre
  7110 | D:8      | Reached skill level 9 in Fighting
  7110 | D:8      | Reached skill level 12 in Axes
  7297 | D:8      | Noticed a two-headed ogre
  7303 | D:8      | Killed a two-headed ogre
  7303 | D:8      | Reached skill level 9 in Armour
  7303 | D:8      | Reached XP level 10. HP: 59/92 MP: 9/9
  7681 | D:8      | Received a gift from Trog
  7883 | D:8      | HP: 17/92 [orc warrior/dire flail (11)]
  7884 | D:8      | Mangled by an orc warrior

Vault maps used:
D:1:      ncdulo_wetmaze, minivault_4
D:4:      temple_hall, uniq_edmund, uniq_menkaure, uniq_ijyb, uniq_eustachio
D:5:      first_bread, kennysheep_generic_room_6
D:6:      overflow_temple_1_default, grunt_gozag_statues
D:7:      grunt_ogre_cave, dk_yredelemnul_ordeal
D:8:      lair_entry_dummy, due_unseen_surprise
D:9:      minmay_the_grid_net

Skill      XL: |  1  2  3  4  5  6  7  8  9 |
---------------+----------------------------+-----
Axes           | 4 5 6 7 8 10 12 | 12.8
Armour         | 3 4 5 6 7 9 |  9.1
Fighting       | 4 5 6 8 9 |  9.7
Dodging        | |  2.1

Action                   |  1- 3 |  4- 6 |  7- 9 | 10-12 || total
-------------------------+-------+-------+-------+-------++-------
Melee: Hand axe          |   102 |    95 |    12 |       ||   209
       Headbutt          |    14 |    17 |    49 |     4 ||    84
       War axe           |       |       |   234 |    16 ||   250
       Executioner's axe |       |       |       |    12 ||    12
Invok: Berserk           |       |     1 |     1 |       ||     2
  Use: Scroll            |       |    11 |     5 |       ||    16
  Eat: Chunk             |     3 |     6 |    12 |     3 ||    24
Armor: Animal skin       |     4 |       |       |       ||     4
       Leather armour    |    31 |     1 |       |       ||    32
       Ring mail         |       |    29 |    96 |    20 ||   145
Dodge: Dodged            |    67 |    53 |   126 |    21 ||   267

Vault maps used:
D:1:      ncdulo_wetmaze, minivault_4
D:4:      temple_hall, uniq_edmund, uniq_menkaure, uniq_ijyb, uniq_eustachio
D:5:      first_bread, kennysheep_generic_room_6
D:6:      overflow_temple_1_default, grunt_gozag_statues
D:7:      grunt_ogre_cave, dk_yredelemnul_ordeal
D:8:      lair_entry_dummy, due_unseen_surprise
D:9:      minmay_the_grid_net

Table legend:
 A = Turns spent in this place as a percentage of turns spent in the entire game.
 B = Non-inter-level travel turns spent in this place as a percentage of non-inter-level travel turns spent in the entire game.
 C = Inter-level travel turns spent in this place as a percentage of turns spent in this place.
 D = Turns resting spent in this place as a percentage of non-inter-level travel turns spent in this place.
 E = Turns spent auto-exploring this place as a percentage of non-inter-level travel turns spent in this place.
 F = Non-inter-level travel turns spent in this place divided by the number of levels of this place that you've seen.
                   A       B       C       D       E      F
               +-------+-------+-------+-------+-------+----------------------
         Total | 100.0 | 100.0 |   0.5 |   2.1 |  10.5 | 269.2
       Dungeon | 100.0 | 100.0 |   0.5 |   2.1 |  10.5 | 269.2
               +-------+-------+-------+-------+-------+----------------------

Table legend:
 A = Kills in this place as a percentage of kills in entire the game.
 B = Kills by you in this place as a percentage of kills by you in the entire game.
 C = Kills by friends in this place as a percentage of kills by friends in the entire game.
 D = Other kills in this place as a percentage of other kills in the entire game.
 E = Experience gained in this place as a percentage of experience gained in the entire game.
 F = Experience gained in this place divided by the number of levels of this place that you have seen.
                   A       B       C       D       E      F
               +-------+-------+-------+-------+-------+----------------------
         Total | 100.0 | 100.0 |  -nan |  -nan | 100.0 | 739.3
       Dungeon | 100.0 | 100.0 |  -nan |  -nan | 100.0 | 739.3
               +-------+-------+-------+-------+-------+----------------------
